PIO (24 & UNDER)
SURREY SINNERS @ SALEM SLEDGEHAMMERS
09/15/2028
 
TOP OF THE 1ST
Surrey Sinners batting - Pitching for Salem Sledgehammers : RHP Juan Rodríguez
Pitching: RHP Juan Rodríguez
Batting: LHB Joe Spears 0-0: Ball
1-0: Foul Ball, location: 2F
1-1: Foul Ball, location: 2F
1-2: Fly out, F8 (Flyball, 8RM)
Batting: LHB Martín Garza 0-0: Ball
1-0: Swinging Strike
1-1: Foul Ball, location: 2F
1-2: Ball
2-2: Ball
3-2: Foul Ball, location: 2F
3-2: SINGLE (Groundball, 56D)
Batting: RHB Jake Osborn 0-0: Ball
1-0: Called Strike
1-1: Ball
2-1: Swinging Strike
2-2: Ball
3-2: Strikes out looking
Batting: LHB Juan Hinojosa 0-0: Ball
1-0: Ball
2-0: Called Strike
2-1: Ball
3-1: Base on Balls
Martín Garza to second
Batting: RHB Roberto Ybarra 0-0: Ball
1-0: Called Strike
1-1: Ball
2-1: Called Strike
2-2: 3-RUN HOME RUN (Flyball, 7LD), Distance : 388 ft
Batting: RHB Robert Sipple 0-0: Called Strike
0-1: Ball
1-1: Ball
2-1: SINGLE (Groundball, 4MD)
Batting: RHB Clarence Harrison 0-0: Called Strike
0-1: Ground out 4-3 (Groundball, 34)
Top of the 1st over - 3 run(s), 3 hit(s), 0 error(s), 1 left on base; Surrey 3 - Salem 0
BOTTOM OF THE 1ST
Salem Sledgehammers batting - Pitching for Surrey Sinners : LHP Scott Davis
Pitching: LHP Scott Davis
Batting: RHB Juan Morales 0-0: Called Strike
0-1: Foul Ball, location: 2F
0-2: Ball
1-2: Ball
2-2: Ball
3-2: Foul Ball, location: 2F
3-2: Base on Balls
Batting: RHB Robert Stevens 0-0: Called Strike
0-1: Ball
1-1: Ball
2-1: Ball
3-1: SINGLE (Flyball, 78S)
Juan Morales to second
Batting: RHB Carlos Sánchez 0-0: Called Strike
0-1: Ball
1-1: Ball
2-1: Fly out, F7 (Flyball, 7LS)
Batting: LHB José Guillén 0-0: SINGLE (Groundball, 6S) (infield hit)
Juan Morales to third
Robert Stevens to second
Batting: LHB Juan Ortíz 0-0: Called Strike
0-1: Called Strike
0-2: Ball
1-2: Strikes out looking
Batting: RHB Carl Curry 0-0: Called Strike
0-1: Reached on error, E6 (Groundball, 6)
Juan Morales scores
Robert Stevens to third
José Guillén to second
Batting: SHB Carlos Ramírez 0-0: Called Strike
0-1: Fielders Choice at 2nd, 5-4 (Groundball, 56)
Bottom of the 1st over - 1 run(s), 2 hit(s), 1 error(s), 2 left on base; Surrey 3 - Salem 1
TOP OF THE 2ND
Surrey Sinners batting - Pitching for Salem Sledgehammers : RHP Juan Rodríguez
Batting: RHB Jesús Herrera 0-0: Ball
1-0: Ball
2-0: Called Strike
2-1: Foul Ball, location: 2F
2-2: Ground out 6-3 (Groundball, 56)
Batting: RHB Mitchell Darragh 0-0: Ball
1-0: Foul Ball, location: 2F
1-1: Foul Ball, location: 2F
1-2: Ball
2-2: Ball
3-2: Ground out 5-3 (Groundball, 56S)
Batting: LHB Joe Spears 0-0: Ball
1-0: Swinging Strike
1-1: Ball
2-1: Called Strike
2-2: Strikes out looking
Top of the 2nd over - 0 run(s), 0 hit(s), 0 error(s), 0 left on base; Surrey 3 - Salem 1
BOTTOM OF THE 2ND
Salem Sledgehammers batting - Pitching for Surrey Sinners : LHP Scott Davis
Batting: LHB Gabriel Estrada 0-0: Ball
1-0: SINGLE (Line Drive, 6M)
Batting: SHB Albert Flores 0-0: Ball
1-0: Ball
2-0: Called Strike
2-1: Foul Ball, location: 2F
2-2: Grounds into double play, 4-6-3 (Groundball, 34)
Batting: RHB Juan Morales 0-0: Ball
1-0: Swinging Strike
1-1: Foul Ball, location: 2F
1-2: Ball
2-2: Fly out, F8 (Line Drive, 8RM)
Bottom of the 2nd over - 0 run(s), 1 hit(s), 0 error(s), 0 left on base; Surrey 3 - Salem 1
TOP OF THE 3RD
Surrey Sinners batting - Pitching for Salem Sledgehammers : RHP Juan Rodríguez
Batting: LHB Martín Garza 0-0: Called Strike
0-1: Foul Ball, location: 2F
0-2: Ball
1-2: Foul Ball, location: 2F
1-2: Ground out 1-3 (Groundball, 15S)
Batting: RHB Jake Osborn 0-0: Called Strike
0-1: Called Strike
0-2: Ball
1-2: Strikes out swinging
Batting: LHB Juan Hinojosa 0-0: Ball
1-0: Ball
2-0: Foul Ball, location: 2F
2-1: Foul Ball, location: 2F
2-2: Strikes out swinging
Top of the 3rd over - 0 run(s), 0 hit(s), 0 error(s), 0 left on base; Surrey 3 - Salem 1
BOTTOM OF THE 3RD
Salem Sledgehammers batting - Pitching for Surrey Sinners : LHP Scott Davis
Batting: RHB Robert Stevens 0-0: Ground out 6-3 (Groundball, 6)
Batting: RHB Carlos Sánchez 0-0: Called Strike
0-1: Ball
1-1: Called Strike
1-2: DOUBLE (Line Drive, 7LM)
Batting: LHB José Guillén 0-0: Called Strike
0-1: Swinging Strike
0-2: Ball
1-2: Ball
2-2: Strikes out looking
Batting: LHB Juan Ortíz 0-0: Foul Ball, location: 2F
0-1: Swinging Strike
0-2: Ball
1-2: Strikes out swinging
Bottom of the 3rd over - 0 run(s), 1 hit(s), 0 error(s), 1 left on base; Surrey 3 - Salem 1
TOP OF THE 4TH
Surrey Sinners batting - Pitching for Salem Sledgehammers : RHP Juan Rodríguez
Batting: RHB Roberto Ybarra 0-0: Foul Ball, location: 2F
0-1: Ball
1-1: Ball
2-1: Fly out, F7 (Line Drive, 7D)
Batting: RHB Robert Sipple 0-0: Called Strike
0-1: Ball
1-1: Ground out 4-3 (Groundball, 4)
Batting: RHB Clarence Harrison 0-0: Ball
1-0: DOUBLE (Flyball, 78M)
Batting: RHB Jesús Herrera 0-0: Ball
1-0: Called Strike
1-1: Ball
2-1: Foul Ball, location: 2F
2-2: Reached on error, E5 (Line Drive, 56)
Clarence Harrison to third
Batting: RHB Mitchell Darragh 0-0: Called Strike
0-1: Ball
1-1: Ball
2-1: 3-RUN HOME RUN (Flyball, 78XD), Distance : 422 ft
Batting: LHB Joe Spears 0-0: Ground out 4-3 (Groundball, 4)
Top of the 4th over - 3 run(s), 2 hit(s), 1 error(s), 0 left on base; Surrey 6 - Salem 1
BOTTOM OF THE 4TH
Salem Sledgehammers batting - Pitching for Surrey Sinners : LHP Scott Davis
Batting: RHB Carl Curry 0-0: Foul Ball, location: 2F
0-1: Ball
1-1: Called Strike
1-2: Strikes out swinging
Batting: SHB Carlos Ramírez 0-0: Foul Ball, location: 2F
0-1: Fly out, F8 (Line Drive, 8RD)
Batting: LHB Gabriel Estrada 0-0: Called Strike
0-1: Foul Ball, location: 2F
0-2: Strikes out swinging
Bottom of the 4th over - 0 run(s), 0 hit(s), 0 error(s), 0 left on base; Surrey 6 - Salem 1
TOP OF THE 5TH
Surrey Sinners batting - Pitching for Salem Sledgehammers : RHP Juan Rodríguez
Pitching: RHP Wei-liang Zhuan
Batting: LHB Martín Garza 0-0: Ball
1-0: Foul Ball, location: 2F
1-1: Ball
2-1: SINGLE (Groundball, 34D)
Batting: RHB Jake Osborn 0-0: Called Strike
0-1: Called Strike
0-2: Foul Ball, location: 2F
0-2: Foul Ball, location: 2F
0-2: Grounds into double play, 5-4-3 (Groundball, 5L)
Batting: LHB Juan Hinojosa 0-0: Foul Ball, location: 2F
0-1: Ball
1-1: Called Strike
1-2: Strikes out swinging
Top of the 5th over - 0 run(s), 1 hit(s), 0 error(s), 0 left on base; Surrey 6 - Salem 1
BOTTOM OF THE 5TH
Salem Sledgehammers batting - Pitching for Surrey Sinners : LHP Scott Davis
Batting: SHB Albert Flores 0-0: Called Strike
0-1: Called Strike
0-2: Strikes out swinging
Batting: RHB Juan Morales 0-0: Called Strike
0-1: Ball
1-1: Foul Ball, location: 2F
1-2: Foul Ball, location: 2F
1-2: SINGLE (Line Drive, 56)
Batting: RHB Robert Stevens 0-0: Grounds into double play, 6-4-3 (Groundball, 6)
Bottom of the 5th over - 0 run(s), 1 hit(s), 0 error(s), 0 left on base; Surrey 6 - Salem 1
TOP OF THE 6TH
Surrey Sinners batting - Pitching for Salem Sledgehammers : RHP Wei-liang Zhuan
Batting: RHB Roberto Ybarra 0-0: Foul Ball, location: 2F
0-1: Ball
1-1: Swinging Strike
1-2: Strikes out swinging
Batting: RHB Robert Sipple 0-0: Called Strike
0-1: SINGLE (Line Drive, 8LS)
Batting: RHB Clarence Harrison 0-0: Fly out, F5 (Line Drive, 5S)
Batting: RHB Jesús Herrera 0-0: Ball
1-0: Called Strike
1-1: SINGLE (Line Drive, 6MD)
Robert Sipple to second
Batting: RHB Mitchell Darragh 0-0: Called Strike
0-1: Ball
1-1: Ball
2-1: Foul Ball, location: 2F
2-2: Foul Ball, location: 2F
2-2: Ball
3-2: Base on Balls
Robert Sipple to third
Jesús Herrera to second
Batting: LHB Joe Spears 0-0: DOUBLE (Line Drive, 78S)
Robert Sipple scores
Jesús Herrera scores
Mitchell Darragh to third
Batting: LHB Martín Garza 0-0: Called Strike
0-1: Ground out 1-3 (Groundball, 13S)
Top of the 6th over - 2 run(s), 3 hit(s), 0 error(s), 2 left on base; Surrey 8 - Salem 1
BOTTOM OF THE 6TH
Salem Sledgehammers batting - Pitching for Surrey Sinners : LHP Scott Davis
Batting: RHB Carlos Sánchez 0-0: Foul Ball, location: 2F
0-1: Ball
1-1: Foul Ball, location: 2F
1-2: Ball
2-2: Foul Ball, location: 2F
2-2: SOLO HOME RUN (Flyball, 7D), Distance : 413 ft
Batting: LHB José Guillén 0-0: Swinging Strike
0-1: Ball
1-1: Ball
2-1: Ball
3-1: Ground out U3 (Groundball, 34)
Batting: LHB Juan Ortíz 0-0: Foul Ball, location: 2F
0-1: Fly out, F7 (Flyball, 7)
Batting: RHB Carl Curry 0-0: Called Strike
0-1: Ball
1-1: Fly out, F9 (Line Drive, 9)
Bottom of the 6th over - 1 run(s), 1 hit(s), 0 error(s), 0 left on base; Surrey 8 - Salem 2
TOP OF THE 7TH
Surrey Sinners batting - Pitching for Salem Sledgehammers : RHP Wei-liang Zhuan
Batting: RHB Jake Osborn 0-0: Ball
1-0: Ball
2-0: SINGLE (Groundball, 56D)
Batting: LHB Juan Hinojosa 0-0: Called Strike
Jake Osborn steals 2nd base
0-1: Swinging Strike
0-2: Ball
1-2: Ball
2-2: Foul Ball, location: 2F
2-2: Ball
3-2: Foul Ball, location: 2F
3-2: Foul Ball, location: 2F
3-2: SINGLE (Line Drive, 34D)
Jake Osborn to third
Batting: RHB Roberto Ybarra 0-0: Ball
1-0: Ball
2-0: Swinging Strike
2-1: Swinging Strike
2-2: Fly out, F6 (Popup, 6)
Batting: RHB Robert Sipple 0-0: Fly out, F6 (Line Drive, 6)
Batting: RHB Clarence Harrison 0-0: Called Strike
0-1: Foul Ball, location: 2F
Pickoff Throw to First - Out!
Top of the 7th over - 0 run(s), 2 hit(s), 0 error(s), 0 left on base; Surrey 8 - Salem 2
BOTTOM OF THE 7TH
Salem Sledgehammers batting - Pitching for Surrey Sinners : LHP Scott Davis
Pitching: RHP Edward Robinson
Batting: SHB Carlos Ramírez 0-0: SINGLE (Groundball, 4M) (infield hit)
Batting: LHB Gabriel Estrada 0-0: Ball
1-0: Fly out, F7 (Flyball, 7LMF)
Batting: SHB Albert Flores 0-0: Called Strike
Carlos Ramírez is caught stealing 2nd base
0-1: Foul Ball, location: 2F
0-2: Strikes out looking
Bottom of the 7th over - 0 run(s), 1 hit(s), 0 error(s), 0 left on base; Surrey 8 - Salem 2
TOP OF THE 8TH
Surrey Sinners batting - Pitching for Salem Sledgehammers : RHP Wei-liang Zhuan
Batting: RHB Clarence Harrison 0-0: Ball
1-0: Swinging Strike
1-1: SINGLE (Groundball, 5D)
Batting: RHB Jesús Herrera 0-0: SINGLE (Groundball, 56D)
Clarence Harrison to second
Batting: RHB Mitchell Darragh 0-0: Swinging Strike
0-1: Ball
1-1: Foul Ball, location: 2F
1-2: Strikes out looking
Batting: LHB Joe Spears 0-0: Ball
1-0: Ground out 3-1 (Groundball, 34S)
Clarence Harrison to third
Jesús Herrera to second
Batting: LHB Martín Garza 0-0: Ball
1-0: Ball
2-0: Ball
3-0: Base on Balls
Batting: RHB Jake Osborn 0-0: Ball
1-0: Swinging Strike
1-1: Called Strike
1-2: Ball
2-2: Ball
3-2: Foul Ball, location: 2F
3-2: Strikes out swinging
Top of the 8th over - 0 run(s), 2 hit(s), 0 error(s), 3 left on base; Surrey 8 - Salem 2
BOTTOM OF THE 8TH
Salem Sledgehammers batting - Pitching for Surrey Sinners : RHP Edward Robinson
Now at 2B: Tim van der Kamp
Batting: RHB Juan Morales 0-0: Called Strike
0-1: Called Strike
0-2: Ground out 4-3 (Groundball, 34)
Batting: RHB Robert Stevens 0-0: Called Strike
0-1: Ball
1-1: Ball
2-1: Ball
3-1: Foul Ball, location: 2F
3-2: Foul Ball, location: 2F
3-2: Strikes out swinging
Batting: RHB Carlos Sánchez 0-0: Ground out 6-3 (Groundball, 6S)
Bottom of the 8th over - 0 run(s), 0 hit(s), 0 error(s), 0 left on base; Surrey 8 - Salem 2
TOP OF THE 9TH
Surrey Sinners batting - Pitching for Salem Sledgehammers : RHP Wei-liang Zhuan
Batting: LHB Juan Hinojosa 0-0: Ball
1-0: Foul Ball, location: 2F
1-1: Ball
2-1: Foul Ball, location: 2F
2-2: Ball
3-2: Ground out 4-3 (Groundball, 34)
Batting: RHB Roberto Ybarra 0-0: Called Strike
0-1: Ball
1-1: Foul Ball, location: 2F
1-2: Ball
2-2: Ball
3-2: Strikes out swinging
Batting: RHB Robert Sipple 0-0: Ball
1-0: Called Strike
1-1: Swinging Strike
1-2: Fly out, F9 (Line Drive, 9)
Top of the 9th over - 0 run(s), 0 hit(s), 0 error(s), 0 left on base; Surrey 8 - Salem 2
BOTTOM OF THE 9TH
Salem Sledgehammers batting - Pitching for Surrey Sinners : RHP Edward Robinson
Now at 1B: Norberto Muñóz
Batting: LHB José Guillén 0-0: Ball
1-0: Hit by Pitch
Batting: LHB Juan Ortíz 0-0: Ball
1-0: Foul Ball, location: 2F
1-1: Ball
2-1: Swinging Strike
2-2: Ball
3-2: Base on Balls
José Guillén to second
Batting: RHB Carl Curry 0-0: Ball
1-0: Ball
2-0: Ball
3-0: Base on Balls
José Guillén to third
Juan Ortíz to second
Batting: SHB Carlos Ramírez 0-0: Fly out, F9 (Line Drive, 89M)
Runner from 3rd tags up, SCORES, no throw
Batting: LHB Gabriel Estrada 0-0: Swinging Strike
0-1: Ball
1-1: Fly out, F7 (Flyball, 78M)
Batting: SHB Albert Flores 0-0: Ground out 3-1 (Groundball, 34)
Bottom of the 9th over - 1 run(s), 0 hit(s), 0 error(s), 2 left on base; Surrey 8 - Salem 3
Tuesday, August 8th, 2017 - OOTP Baseball 17.12 Build 75